 Dungeon Crawl Stone Soup version 0.30-a0-339-g89bb51ec76 (webtiles) character file.

Game seed: 16539149820193021488

219 hikkokomori the Chiller (level 5, -9/60 HPs)
             Began as a Demigod Ice Elementalist on Nov 1, 2022.
             Killed by divine providence
             ... invoked by an orc priest
              (10 damage)
             ... on level 5 of the Dungeon.
             The game lasted 00:09:11 (3713 turns).

hikkokomori the Chiller (Demigod Ice Elementalist)  Turns: 3713, Time: 00:09:11

Health: -9/60      AC:  4    Str:  9    XL:     5   Next: 36%
Magic:  3/11       EV: 12    Int: 21    God:
Gold:   216        SH:  5    Dex: 14    Spells: 2/9 levels left

rFire   . . .      SeeInvis .    v - +3 quarterstaff (chaos)
rCold   . . .      Faith    .    (shield currently unavailable)
rNeg    . . .      Spirit   .    a - +0 robe
rPois   .          Reflect  +    (no helmet)
rElec   .          Harm     .    u - +0 cloak
rCorr   .          Rampage  .    k - +0 pair of gloves
Will    .....                    (no boots)
Stlth   ..........               q - amulet of reflection
HPRegen 0.30/turn                (no ring)
MPRegen 0.12/turn                (no ring)

@: berserking, studying Maces & Flails, very quick
A: high MP 1, forlorn, divine attributes
a: no special abilities


You were on level 5 of the Dungeon.
You visited 1 branch of the dungeon, and saw 5 of its levels.

You collected 216 gold pieces.

Inventory:

Hand Weapons
 v - a +3 quarterstaff of chaos (weapon)
Armour
 a - a +0 robe (worn)
 k - a +0 pair of gloves (worn)
 u - a +0 cloak (worn)
Magical Staves
 r - a staff of fire
Jewellery
 q - an amulet of reflection (around neck)
Wands
 j - a wand of paralysis (1)
Scrolls
 d - a scroll of torment {unknown}
 f - 3 scrolls of identify
 g - a scroll of enchant armour {unknown}
 h - 2 scrolls of immolation {unknown}
 l - 2 scrolls of teleportation
 n - a scroll of acquirement {unknown}
 t - a scroll of summoning {unknown}
Potions
 b - a potion of magic
 c - 2 potions of ambrosia
 e - a potion of haste {unknown}
 i - a potion of berserk rage
 m - 2 potions of might
 o - a potion of brilliance {unknown}
 p - 2 potions of cancellation
 s - a potion of curing {unknown}


   Skills:
 - Level 1.2 Fighting
 + Level 1.7 Maces & Flails
 - Level 1.8 Dodging
 - Level 1.8 Stealth
 - Level 2.5 Spellcasting
 + Level 1.3 Fire Magic
 * Level 5.2 Ice Magic


You had 2 spell levels left.
You knew the following spells:

 Your Spells              Type           Power      Damage    Failure   Level
a - Freeze                Ice            96%        1d10      1%          1
b - Frozen Ramparts       Ice            48%        1d8       4%          3
c - Ozocubu's Armour      Ice            24%        N/A       4%          3

Your spell library contained the following spells:

 Spells                   Type           Power      Damage    Failure   Level
 Slow                     Hex            8%         N/A       14%         1
 Confusing Touch          Hex            2%         N/A       38%         3
 Vampiric Draining        Necr           2%         2d6       38%         3
 Summon Ice Beast         Ice/Summ       13%        N/A       43%         4
 Olgreb's Toxic Radiance  Pois           2%         N/A       80%         4
 Ozocubu's Refrigeration  Ice            12%        4d10      100%        7
 Ignition                 Fire           4%         3d4       100%        8


Dungeon Overview and Level Annotations

Branches:
Dungeon (5/15)
 Temple: D:4-7

Annotations:
D:5 Blork the orc


Innate Abilities, Weirdness & Mutations

You have an increased reservoir of magic. (+10% MP)
You shall have no god before yourself.
Your divine heritage dramatically boosts your attributes as you level up.


Message History

Confirm with . or Enter, or press ? or * to list all spells.
Casting: Frozen Ramparts (dangerous; 4% risk of failure)
Press: ? - help, Dir - look around, f - activate The walls around you are covered in ice.
The wall freezes the orc wizard.
The wall freezes the orc priest.
The orc priest hits you with a +0 flail.
* * * LOW HITPOINT WARNING * * *
Unknown command.
Unknown command.
Casting: Frozen Ramparts (dangerous; 4% risk of failure)
Confirm with . or Enter, or press ? or * to list all spells.
A film of ice covers your body!
The wall freezes the orc priest.
The orc priest hits you with a +0 flail.
* * * LOW HITPOINT WARNING * * *
The wall freezes the orc.
The wall freezes the orc wizard but does no damage.
The orc wizard hits you but does no damage.
Unknown command.
It was a potion of cancellation.
Your magical effects are unravelling.
You feel magically purged.
Your icy armour evaporates.
The frozen ramparts melt away.
The orc wizard hits you but does no damage.
The orc priest misses you.
The orc wizard hits you but does no damage.
Unknown command.
It was a potion of berserk rage.
A red film seems to cover your vision as you go berserk!
You feel yourself moving faster!
You feel mighty! The orc wizard closely misses you.
The orc priest hits you with a +0 flail.
* * * LOW HITPOINT WARNING * * *
The orc closely misses you. You block the orc wizard's attack.
You feel a strong urge to attack something.
The orc wizard casts a spell at you. You resist with some effort.
The orc priest invokes the aid of Beogh against you.
Beogh smites you!
You die...

#.... #...? #...♣
#...♣♣♣♣♣♣♣
#..........
#.5........
#######.oo##.....
.......oo## ###
######@##
........#
#########


You could see an orc priest, 2 orc wizards, a white imp and an orc.

Vanquished Creatures
  An orc priest (D:4)
  Crazy Yiuf (D:4)
  3 gnolls (D:3)
  5 adders
  An ufetubus (D:3)
  2 dart slugs
  3 orcs
  7 ball pythons
  11 bats
  An endoplasm (D:4)
  6 giant cockroaches
  2 goblins (D:1)
  6 hobgoblins
  4 jackals (D:2)
  5 quokkas
  5 frilled lizards (D:2)
  2 kobolds
  11 rats
76 creatures vanquished.

Vanquished Creatures (others)
  A fungus (D:5)
1 creature vanquished.

Grand Total: 77 creatures vanquished

Notes
Turn   | Place    | Note
-------+----------+-------------------------------------------
     0 | D:1      | hikkokomori the Demigod Ice Elementalist began the quest
                  | for the Orb.
     0 | D:1      | Reached XP level 1. HP: 14/14 MP: 5/5
   360 | D:1      | Reached XP level 2. HP: 20/20 MP: 1/7
   825 | D:1      | Reached skill level 4 in Ice Magic
  1331 | D:2      | Reached XP level 3. HP: 12/26 MP: 1/9
  1457 | D:2      | Learned a level 3 spell: Frozen Ramparts
  1461 | D:2      | Learned a level 3 spell: Ozocubu's Armour
  2021 | D:2      | Reached XP level 4. HP: 24/34 MP: 0/10
  2381 | D:3      | Reached skill level 1 in Fighting
  3326 | D:4      | Reached skill level 1 in Maces & Flails
  3326 | D:4      | Reached skill level 1 in Fire Magic
  3326 | D:4      | Reached skill level 5 in Ice Magic
  3326 | D:4      | Reached XP level 5. HP: 39/40 MP: 7/11
  3487 | D:4      | Found a runed translucent door.
  3488 | D:4      | Noticed Crazy Yiuf
  3551 | D:4      | Killed Crazy Yiuf
  3650 | D:5      | Entered Level 5 of the Dungeon
  3693 | D:5      | Noticed Blork the orc
  3694 | D:5      | HP: 2/40 [Blork the orc/+2 halberd of flaming (1)]
  3712 | D:5      | HP: 1/60 [orc priest/+0 flail (6)]
  3713 | D:5      | Killed from afar by an orc priest

Illustrated notes

Levels and vault maps discovered:
D:1:      reono_arrival_forest_river, layout_loops_ring, serial_forest,
          infiniplex_forest_corner_1, infiniplex_forest_pool,
          infiniplex_forest_lined_3, infiniplex_forest_straight_2,
          infiniplex_forest_clump_tiny
D:2:      layout_rooms, minmay_misc_feat_pillars,
          minmay_randomly_rotated_circles
D:3:      layout_rooms, serial_park_tiny_1, dk_noncrumbling_4
D:4:      layout_rooms, chequers_temple_overflow_statue_of_worship,
          uniq_crazy_yiuf_cottage
D:5:      layout_loops_ring, mainiacjoe_overflow_chevrons, uniq_pikel,
          uniq_sigmund, uniq_blork_the_orc

Skill      XL: |  1  2  3  4 |
---------------+-------------+-----
Spellcasting   | 2 |  2.5
Ice Magic      | 4 5 |  5.2
Fighting       | 1 |  1.2
Maces & Flails | 1 |  1.7
Fire Magic     | 1 |  1.3
Dodging        | |  1.8
Stealth        | |  1.8

Action                   |  1- 3 |  4- 6 || total
-------------------------+-------+-------++-------
Melee: Unarmed           |    20 |     5 ||    25
       Staff             |       |     9 ||     9
       Quarterstaff      |       |    16 ||    16
 Cast: Freeze            |    77 |    44 ||   121
       Ozocubu's Armour  |       |     4 ||     4
       Frozen Ramparts   |       |     4 ||     4
Evoke: Wand              |       |     1 ||     1
  Use: Potion            |       |     3 ||     3
       Scroll            |       |     2 ||     2
 Stab: Sleeping          |       |     1 ||     1
Armor: Robe              |    24 |    23 ||    47
Dodge: Dodged            |    66 |    59 ||   125
Block: Other             |       |    18 ||    18
       Reflection        |       |     1 ||     1

Table legend: (Time is in decaauts)
 A = Elapsed time spent in this place.
 B = Non-inter-level travel time spent in this place.
 C = Inter-level travel time spent in this place.
 D = Time resting spent in this place.
 E = Time spent auto-exploring this place.
 F = Levels seen in this place.
 G = Mean time per level.
                   A        B        C        D        E       F      G
               +--------+--------+--------+--------+--------+-----+--------+
         Total |   3729 |   3453 |    276 |      0 |   2884 |   5 |  745.8 |
       Dungeon |   3729 |   3453 |    276 |      0 |   2884 |   5 |  745.8 |
               +--------+--------+--------+--------+--------+-----+--------+

Top non-repeatable levels by time:
     D:2: 1169 daAuts
     D:1: 1129 daAuts
     D:3: 713 daAuts
     D:4: 648 daAuts
     D:5: 67 daAuts
